Map: Cañón atribulado

Players

TATORREA

  • Race: Protoss Protoss
  • League: Gold
  • Spawn Location: 12:00

MrFercho

  • Race: Zerg Zerg
  • League: Gold
  • Spawn Location: 12:00

tigro

  • Race: Terran Terran
  • League: Bronze
  • Spawn Location: 3:00

DAMIANCA

  • Race: Zerg Zerg
  • League: Gold
  • Spawn Location: 6:00

XChiDO

  • Race: Terran Terran
  • League: Silver
  • Spawn Location: 6:00

ACR

  • Race: Protoss Protoss
  • League: Platinum
  • Spawn Location: 7:00

VOD

Have the link to the VOD?

Description

Time

  • Played on: Aug. 19, 2020, 9:40 p.m.
  • Length: 29:51
Show
View Real Time Build Order
Export as new Build Order

TATORREA Protoss 

Build Orders:  

Get SALT Encoding   

  12  0:02  Probe  
  14  0:14  Probe  
  14  0:23  Pylon  
  14  0:26  Probe  
  15  0:41  Probe  
  16  0:47  Gateway  
  16  0:53  Probe  
  17  1:03  Gateway  
  17  1:05  Probe  
  18  1:13  Assimilator  
  18  1:16  Assimilator  
  18  1:17  Probe (Chrono Boost)  
  19  1:28  Pylon, Probe (Chrono Boost)  
  20  1:44  Cybernetics Core  
  20  1:46  Probe  
  21  1:55  Pylon  
  21  1:58  Probe  
  22  2:07  Gateway  
  22  2:10  Probe  
  23  2:23  Probe  
  23  2:29  Warp Gate (Chrono Boost)  
  24  2:34  Stalker x2  
  28  2:50  Robotics Facility  
  28  2:55  Stalker  
  30  3:04  Stalker  
  32  3:06  Stalker  
  34  3:25  Stalker  
  36  3:51  Pylon  
  36  3:54  Pylon  
  36  4:06  Immortal (Chrono Boost)  
  40  4:32  Nexus  
  40  4:38  Pylon  
  40  4:39  Observer (Chrono Boost)  
  41  4:48  Stalker  
  43  4:53  Stalker  
  43  4:54  Immortal (Chrono Boost)  
  49  5:01  Stalker  
  51  5:20  Stalker x2  
  55  5:26  Probe  
  56  5:39  Probe  
  56  5:42  Stalker  
  59  5:46  Probe  
  60  5:51  Probe  
  60  5:55  Stalker  
  63  5:58  Probe  
  63  6:00  Stalker  
  63  6:03  Probe  
  67  6:18  Stalker  
  69  6:19  Stalker  
  69  6:24  Stalker  
  32  6:56  Stalker x3  
  32  6:57  Probe  
  32  6:58  Probe  
  38  7:06  Forge  
  38  7:09  Gateway  
  38  7:10  Probe x2  
  38  7:12  Gateway  
  40  7:22  Probe x2  
  42  7:27  Stalker x2  
  42  7:28  Stalker  
  48  7:37  Protoss Ground Weapons Level 1 (Chrono Boost)  
  48  7:43  Probe x2  
  50  7:51  Stalker x2  
  50  7:53  Stalker  
  50  7:55  Probe x2  
  46  8:18  Stalker  
  46  8:19  Stalker x3  
  54  8:20  Stalker  
  54  8:25  Assimilator  
  56  8:29  Assimilator  
  56  8:42  Nexus  
  56  8:45  Pylon x2  
  56  8:55  Stalker  
  58  8:56  Stalker x2  
  58  9:02  Stalker  
  64  9:15  Stalker  
  40  9:48  Stalker x3  
  40  9:49  Stalker x2  
  50  9:55  Probe  
  42  10:19  Stalker x5  
  52  10:44  Stalker x2  
  52  10:48  Pylon  
  52  11:34  Probe x2  
  54  11:46  Probe x2  
  56  11:58  Probe  
  56  11:59  Probe  
  58  12:10  Probe  
  58  12:11  Probe  
  60  12:16  Protoss Shields Level 1  
  61  12:22  Probe  
  61  12:23  Probe x2  
  63  12:34  Twilight Council  
  63  12:35  Probe x3  
  66  12:37  Gateway  
  66  12:39  Gateway  
  66  12:47  Probe x3  
  69  12:56  Stalker x3  
  69  12:57  Stalker  
  77  12:59  Probe x3  
  77  13:01  Stalker  
  82  13:11  Blink (Chrono Boost), Probe x3  
  85  13:23  Probe x3  
  88  13:27  Assimilator  
  88  13:30  Assimilator  
  88  13:43  Nexus  
  88  13:48  Probe x3  
  91  13:51  Pylon x2  
  91  14:00  Stalker x2, Probe x3  
  91  14:01  Stalker  
  100  14:12  Templar Archives  
  100  14:13  Stalker x2  
  54  14:49  Stalker x3  
  54  14:50  Stalker  
  60  14:59  Probe  
  61  15:07  Probe x2  
  61  15:11  Probe  
  61  15:12  Probe  
  65  15:19  Probe  
  66  15:24  Probe x2  
  66  15:25  Probe  
  69  15:31  Probe  
  69  15:35  High Templar x4  
  78  15:36  Probe, High Templar  
  78  15:37  Probe  
  78  15:39  High Templar  
  78  15:40  High Templar  
  78  15:41  Protoss Ground Weapons Level 2 (Chrono Boost)  
  86  15:44  Archon x3  
  86  15:50  Probe x2  
  86  15:51  Probe  
  86  15:53  Probe  
  90  16:02  Probe  
  91  16:08  Assimilator  
  91  16:09  Assimilator  
  91  16:14  Probe x4  
  95  16:23  High Templar x4  
  95  16:24  High Templar  
  105  16:25  Zealot  
  105  16:26  Probe x3, Zealot  
  105  16:27  Archon  
  105  16:28  Archon  
  105  16:31  Charge  
  112  16:37  Archon  
  112  16:43  Probe x2  
  112  16:44  Probe x2  
  116  16:55  Probe x2, Psionic Storm  
  116  16:56  Probe x2  
  120  17:07  Probe x2  
  120  17:08  Probe  
  123  17:10  Pylon  
  123  17:12  Pylon x2  
  123  17:16  Pylon  
  123  17:28  Probe  
  124  17:36  Stalker  
  126  17:37  Stalker x3  
  126  17:38  Stalker x2  
  126  17:39  Stalker  
  138  17:49  Gateway  
  138  17:52  Gateway  
  138  17:56  Gateway  
  138  17:59  Gateway  
  138  18:02  Protoss Ground Weapons Level 3 (Chrono Boost), Gateway  
  138  18:04  Gateway  
  138  18:06  Gateway  
  138  18:27  Nexus  
  138  18:29  Gateway  
  138  18:30  Pylon  
  138  18:31  Pylon  
  138  18:35  Gateway  
  138  18:37  Gateway  
  138  18:39  Pylon  
  138  18:47  Pylon, High Templar x3  
  138  18:48  High Templar  
  146  18:50  Pylon, High Templar x2  
  146  18:53  Archon  
  146  18:54  Archon  
  150  18:58  High Templar  
  150  19:00  Pylon  
  152  19:02  Stalker  
  152  19:03  Stalker, Pylon  
  152  19:04  Stalker x2  
  152  19:06  Stalker  
  152  19:07  Gateway  
  152  19:08  Stalker  
  164  19:11  Gateway  
  164  19:19  Stalker  
  164  19:22  Stalker x2  
  164  19:23  Stalker x2  
  174  19:26  Stalker  
  176  19:35  Assimilator  
  176  19:38  Assimilator  
  94  20:08  Stalker x4  
  94  20:09  Stalker x4  
  94  20:10  Stalker x5  
  94  20:11  Stalker  
  98  20:24  Stalker x2  
  98  20:25  Stalker x3  
  94  20:48  Stalker x2  
  94  20:49  Stalker x5  
  108  20:50  Stalker  
  108  20:51  Zealot  
  108  20:52  Zealot x5  
  108  20:53  Zealot  
  68  21:36  Stalker x3  
  68  21:37  Stalker x4  
  68  21:38  Stalker x5  
  68  21:39  Stalker x3  
  98  21:40  Stalker  
  98  21:42  Zealot x3  
  106  22:07  Zealot  
  106  22:08  Zealot x5  
  114  22:09  Zealot x4  
  114  22:10  Zealot x2  
  114  22:11  Zealot  
  114  22:13  Protoss Shields Level 2 (Chrono Boost)  
  132  22:27  Stalker x4  
  140  22:31  Stalker  
  142  22:42  Stalker x4  
  72  23:24  Stalker x5  
  72  23:25  Stalker x4  
  72  23:26  Stalker x2  
  72  23:27  Stalker x4  
  92  23:29  Stalker  
  100  24:01  Stalker x5  
  100  24:02  Stalker x5  
  118  24:03  Stalker  
  118  24:04  Stalker  
  118  24:08  High Templar x2  
  118  24:09  High Templar x2  
  132  24:11  High Templar  
  132  24:12  High Templar  
  132  24:16  High Templar  
  138  24:18  Archon x3  
  138  24:36  Stalker  
  138  24:37  Stalker x2  
  144  24:45  Nexus  
  144  24:48  Pylon  
  144  24:50  Pylon  
  90  25:13  Stalker x5  
  90  25:14  Stalker x4  
  80  25:15  Stalker x4  
  80  25:17  Stalker  
  68  25:53  Stalker x5  
  68  25:54  Stalker x5  
  68  25:55  Stalker x3  
  94  26:02  Stalker  
  94  26:03  Stalker  
  98  26:05  Stalker  
  98  26:07  Stalker x3  
  106  26:17  Stalker  
  106  26:18  Stalker x5  
  112  26:19  Stalker x4  
  112  26:20  Stalker  
  112  26:22  Stalker  
  112  26:25  Stalker  
  132  26:34  Stalker x2  
  132  26:35  Stalker  
Show
View Real Time Build Order
Export as new Build Order

MrFercho Zerg 

Build Orders: Hatch First 

Get SALT Encoding   

  12  0:01  Drone  
  13  0:13  Overlord  
  13  0:18  Drone  
  14  0:31  Drone x2  
  14  0:35  Drone  
  17  0:56  Hatchery  
  16  0:57  Drone  
  16  1:01  Drone  
  18  1:08  Drone  
  19  1:13  Extractor  
  18  1:20  Spawning Pool  
  18  1:22  Drone  
  18  1:29  Drone  
  19  1:44  Drone  
  20  1:50  Overlord  
  20  2:04  Overlord  
  20  2:08  Queen x2  
  22  2:10  Drone  
  22  2:15  Drone  
  26  2:20  Metabolic Boost  
  26  2:22  Drone  
  27  2:25  Zergling x2  
  28  2:30  Zergling x2  
  29  2:40  Drone x2  
  31  2:45  Drone  
  31  2:47  Queen  
  34  2:54  Lair  
  34  2:56  Drone x2  
  36  3:05  Drone  
  37  3:07  Drone  
  38  3:21  Drone x2  
  38  3:22  Overlord, Drone x2  
  42  3:27  Queen  
  44  3:34  Overlord  
  44  3:35  Overlord  
  44  3:43  Zergling x2  
  44  3:44  Zergling x6  
  48  3:52  Queen  
  50  4:03  Zergling x14  
  50  4:09  Drone  
  58  4:10  Nydus Network  
  58  4:14  Queen  
  59  4:17  Zergling x2  
  59  4:22  Zergling x8  
  64  4:29  Zergling x8  
  68  4:34  Overlord  
  68  4:47  Overlord x2  
  68  4:59  Zergling x2  
  69  5:00  Zergling x12  
  69  5:06  Overlord  
  75  5:16  Queen  
  75  5:18  Queen  
  75  5:21  Overlord  
  79  5:22  Zergling x2  
  79  5:23  Zergling x12  
  86  5:36  Zergling x2  
  86  5:37  Zergling x4  
  89  6:02  Hatchery  
  88  6:07  Nydus Canal  
  88  6:10  Zergling x2  
  88  6:11  Zergling x14  
  96  6:18  Drone  
  96  6:19  Drone x2  
  96  6:21  Extractor  
  96  6:23  Extractor  
  97  6:27  Zergling x10  
  58  7:33  Drone x2  
  58  7:34  Drone x3  
  58  7:35  Drone  
  56  7:38  Spore Crawler  
  56  7:40  Spore Crawler  
  56  7:42  Spore Crawler  
  45  8:03  Queen  
  45  8:04  Overlord x2, Hydralisk Den  
  45  8:05  Overlord  
  46  8:07  Drone x6  
  46  8:09  Queen  
  54  8:13  Drone  
  54  8:14  Drone x5  
  60  8:21  Evolution Chamber  
  60  8:22  Evolution Chamber  
  60  8:25  Drone x3, Spore Crawler  
  60  8:26  Spore Crawler  
  59  8:33  Muscular Augments  
  59  8:36  Drone x3  
  62  9:07  Spore Crawler  
  62  9:09  Spore Crawler  
  60  9:13  Extractor, Hydralisk, Zerg Missile Weapons Level 1  
  60  9:14  Hydralisk x12  
  85  9:19  Spore Crawler  
  85  9:21  Spore Crawler  
  85  9:23  Spore Crawler  
  77  9:29  Hydralisk x5  
  84  9:45  Grooved Spines  
  84  10:11  Drone x3  
  87  10:27  Hatchery  
  86  10:31  Hatchery  
  85  10:46  Overlord x2  
  85  10:47  Overlord x3  
  85  10:54  Hydralisk x3  
  91  10:57  Overlord x3  
  91  11:02  Spire  
  90  11:30  Spore Crawler  
  90  11:31  Spore Crawler  
  88  11:51  Lurker Den, Hydralisk  
  88  11:52  Hydralisk x18  
  125  11:58  Drone x4  
  129  12:29  Extractor  
  128  12:30  Extractor  
  127  12:37  Infestation Pit  
  126  12:47  Overseer  
  126  13:02  Zerg Missile Weapons Level 2  
  126  13:04  Zerg Ground Armor Level 1  
  126  13:14  Hive  
  126  13:16  Lurker  
  126  13:17  Lurker x2  
  129  13:35  Hydralisk x4  
  129  13:39  Zergling x24  
  129  13:40  Zergling x16  
  129  13:41  Zergling x2  
  158  14:05  Hydralisk x4  
  158  14:07  Overlord  
  166  14:27  Nydus Canal  
  95  15:03  Seismic Spines  
  89  15:12  Viper x2  
  89  15:13  Viper  
  98  15:23  Drone x2  
  98  15:24  Drone x6  
  106  15:43  Viper x2  
  106  15:44  Hydralisk  
  106  15:45  Hydralisk  
  116  16:00  Adaptive Talons  
  116  16:04  Pneumatized Carapace  
  116  16:13  Extractor  
  116  16:14  Extractor  
  114  16:30  Zerg Missile Weapons Level 3  
  114  16:33  Hydralisk x3  
  114  16:34  Hydralisk x2  
  124  16:40  Overseer  
  124  17:19  Nydus Canal  
  124  17:24  Lurker  
  124  17:25  Lurker x3  
  128  18:08  Hydralisk  
  128  18:09  Hydralisk x9  
  129  19:01  Hydralisk x10  
  129  19:02  Hydralisk  
  142  19:04  Overlord x2  
  142  19:19  Hydralisk x5  
  152  19:25  Zergling x28  
  133  19:42  Hydralisk x3  
  133  19:43  Hydralisk x4  
  113  20:09  Hydralisk x5  
  113  20:10  Hydralisk x4  
  106  20:41  Hydralisk  
  106  20:42  Hydralisk x6  
  66  21:55  Hydralisk  
  66  21:56  Hydralisk x13  
  84  22:01  Zergling x2  
  84  22:02  Zergling x6  
  84  22:29  Viper  
  84  22:33  Hydralisk x6  
  99  22:57  Lurker x3  
  99  22:58  Lurker  
  103  23:16  Zerg Ground Armor Level 2  
  103  23:19  Hatchery  
  102  23:22  Extractor  
  102  23:24  Extractor, Hydralisk  
  102  23:25  Hydralisk x3  
  88  24:04  Hydralisk x10  
  86  24:38  Hydralisk x5  
  86  24:39  Hydralisk x4  
  98  25:23  Drone x9  
  98  25:25  Drone x3  
  110  25:31  Hydralisk  
  110  25:32  Hydralisk x6  
  78  26:09  Mutalisk  
  78  26:10  Mutalisk x4  
  88  26:17  Lurker  
  67  27:38  Viper x2  
  67  27:39  Viper x2  
  79  27:49  Hydralisk x7  
  79  27:50  Hydralisk x22  
  134  27:51  Hydralisk  
  134  27:55  Zergling x24  
  134  27:56  Zergling x34  
  165  28:44  Lurker  
  165  28:47  Overlord x4  
  165  28:48  Overlord  
Show
View Real Time Build Order
Export as new Build Order

tigro Terran 

Build Orders:  

Get SALT Encoding   

  12  0:14  SCV  
  12  0:16  Supply Depot  
  13  0:26  SCV  
  14  0:38  SCV  
  15  0:42  Barracks  
  15  0:50  SCV, Refinery  
  16  1:03  SCV  
  17  1:11  Supply Depot  
  17  1:15  SCV  
  18  1:27  SCV  
  18  1:31  Marine  
  20  1:33  Refinery  
  20  1:39  SCV  
  21  1:49  Marine  
  21  1:51  SCV  
  23  2:03  SCV  
  23  2:06  Marine  
  25  2:08  Factory  
  25  2:15  SCV  
  26  2:24  Marine  
  27  2:36  Orbital Command  
  27  2:42  Marine  
  28  2:53  Factory Tech Lab  
  28  2:59  Engineering Bay  
  28  3:01  Barracks Tech Lab  
  28  3:13  Siege Tank  
  31  3:25  Combat Shield  
  31  3:42  Missile Turret  
  31  3:45  Siege Tank  
  31  3:46  Command Center  
  34  4:13  Missile Turret  
  34  4:16  Marine  
  35  4:19  Terran Infantry Weapons Level 1  
  35  4:33  Marine  
  36  4:46  Missile Turret  
  36  4:51  Marine  
  37  4:54  Starport  
  37  5:01  Stimpack, Refinery  
  37  5:04  Siege Tank  
  40  5:09  Marine  
  40  5:11  SCV  
  42  5:23  SCV  
  42  5:27  Marine  
  44  5:35  SCV  
  45  5:36  Medivac  
  47  5:45  Marine  
  47  5:47  SCV  
  49  5:52  Refinery  
  49  5:59  SCV  
  50  6:11  SCV  
  50  6:13  Terran Infantry Armor Level 1, Starport Tech Lab  
  50  6:14  Missile Turret  
  50  6:17  Marine  
  52  6:23  SCV  
  53  6:34  Marine  
  53  6:35  SCV  
  55  6:41  Armory  
  55  6:44  Missile Turret  
  55  6:47  SCV  
  56  7:00  SCV  
  57  7:05  Missile Turret  
  57  7:10  Marine  
  57  7:12  SCV  
  59  7:28  Marine  
  58  7:46  Marine  
  50  8:04  Marine  
  46  8:05  Thor  
  46  8:07  Neosteel Armor  
  46  8:08  Medivac  
  51  8:21  Marine  
  52  8:30  Missile Turret  
  52  8:38  Terran Vehicle Weapons Level 1  
  52  8:39  Marine, Fusion Core  
  53  8:42  SCV  
  53  8:48  Thor  
  53  8:54  SCV  
  60  8:57  Marine  
  46  9:15  Marine  
  47  9:21  SCV  
  48  9:28  Medivac  
  47  9:31  Thor  
  47  9:33  SCV  
  47  9:36  Marine  
  53  9:45  SCV  
  53  9:54  Marine  
  53  9:57  SCV  
  53  9:58  Medivac  
  57  10:01  Missile Turret  
  40  10:11  Planetary Fortress  
  40  10:12  Marine  
  38  10:14  Thor  
  44  10:22  Missile Turret  
  44  10:30  Marine  
  45  10:36  SCV  
  45  10:41  Missile Turret  
  46  10:48  Marine, Hi-Sec Auto Tracking  
  46  10:49  SCV  
  48  11:01  SCV  
  49  11:05  Marine  
  50  11:13  SCV  
  50  11:16  Missile Turret  
  51  11:23  Marine  
  51  11:25  SCV  
  53  11:27  Thor  
  59  11:41  Marine  
  59  11:45  Terran Infantry Weapons Level 2  
  60  11:51  Weapon Refit  
  60  11:59  Marine  
  61  12:05  Terran Vehicle And Ship Armor Level 1  
  61  12:17  Marine  
  61  12:22  Supply Depot  
  62  12:43  Marine, Siege Tank, SCV  
  67  12:44  Supply Depot  
  67  12:56  SCV  
  68  13:01  Marine  
  69  13:08  Supply Depot, SCV  
  70  13:16  Siege Tank  
  70  13:19  Marine  
  74  13:20  SCV  
  75  13:31  Rapid Reignition System  
  75  13:32  SCV  
  76  13:37  Marine  
  77  13:48  Siege Tank  
  80  13:54  Marine  
  81  13:58  Missile Turret  
  81  13:59  Terran Ship Weapons Level 1  
  81  14:00  Terran Infantry Armor Level 2  
  81  14:12  Marine  
  81  14:13  Battlecruiser  
  88  14:25  Missile Turret  
  88  14:30  Marine  
  76  14:46  Missile Turret  
  47  15:09  Missile Turret  
  47  15:15  Thor  
  47  15:18  Marine, Battlecruiser  
  60  15:31  Missile Turret  
  60  15:36  Marine  
  61  15:53  Marine  
  61  15:56  Command Center  
  68  16:10  Siege Tank  
  65  16:11  Marine  
  65  16:15  Refinery  
  66  16:22  Battlecruiser  
  72  16:29  Marine  
  73  16:42  Siege Tank  
  76  16:47  Marine  
  77  17:05  Marine  
  78  17:10  Refinery  
  78  17:14  Siege Tank  
  81  17:22  Marine  
  81  17:26  Medivac  
  84  17:40  Marine  
  85  17:46  Thor  
  85  17:47  Planetary Fortress  
  91  17:56  Medivac  
  91  17:58  Marine  
  94  18:16  Marine  
  95  18:26  Battlecruiser  
  101  18:29  Thor  
  101  18:34  Marine  
  108  18:47  Missile Turret  
  108  18:57  Terran Vehicle And Ship Armor Level 2  
  108  19:07  Missile Turret  
  108  19:23  Thor  
  114  19:34  Missile Turret  
  106  19:55  Missile Turret  
  106  20:06  Thor  
  112  20:17  Missile Turret  
  86  20:43  Missile Turret  
  86  20:49  Thor  
  92  20:51  Marine  
  92  20:54  Battlecruiser  
  97  21:05  Missile Turret  
  97  21:09  Marine  
  95  21:13  Terran Vehicle Weapons Level 2  
  95  21:20  SCV  
  96  21:27  Marine  
  96  21:32  Thor, SCV  
  104  21:44  SCV  
  104  21:45  Marine  
  106  21:57  SCV  
  106  21:58  Battlecruiser  
  107  22:03  Marine  
  102  22:09  SCV  
  102  22:14  Thor  
  109  22:20  Marine  
  69  22:55  Marine  
  69  22:57  Thor  
  74  23:03  Battlecruiser  
  78  23:13  Marine  
  71  23:28  Terran Ship Weapons Level 2  
  71  23:30  Marine  
  72  23:47  Command Center  
  72  23:48  Marine  
  73  24:05  Thor  
  73  24:06  Marine, Refinery  
  73  24:07  Battlecruiser  
  86  24:24  Marine  
  87  24:42  Marine  
  88  24:48  Thor  
  94  25:00  Marine  
  94  25:02  Refinery  
  95  25:11  Battlecruiser  
  101  25:17  Marine  
  86  25:31  Thor  
  71  25:43  Marine  
  65  26:01  Marine  
  59  26:14  Thor  
  59  26:15  Battlecruiser  
  71  26:19  Marine  
  72  26:37  Marine  
  65  26:54  Marine  
  65  26:57  Thor  
  59  27:12  Marine  
  56  27:19  Medivac  
  51  27:23  Planetary Fortress  
  44  27:30  Marine  
  45  27:39  Thor  
  51  27:48  Marine  
  51  27:49  Battlecruiser  
  51  27:50  Missile Turret  
  49  28:06  Marine  
  49  28:11  Missile Turret  
  34  28:23  Marine  
  38  28:33  Missile Turret  
  27  28:53  Missile Turret  
Show
View Real Time Build Order
Export as new Build Order

DAMIANCA Zerg 

Build Orders: Hatch First 

Get SALT Encoding   

  12  0:01  Drone  
  13  0:09  Drone  
  14  0:18  Overlord  
  14  0:38  Drone x3  
  17  1:02  Hatchery  
  17  1:03  Drone x2  
  18  1:07  Extractor  
  18  1:09  Extractor  
  16  1:14  Drone  
  17  1:22  Spawning Pool  
  16  1:26  Drone  
  16  1:32  Drone  
  18  1:45  Drone  
  19  1:54  Drone  
  20  2:09  Overlord  
  20  2:10  Queen  
  20  2:15  Drone  
  23  2:24  Drone  
  25  2:30  Drone  
  25  2:38  Drone  
  25  2:42  Drone x2  
  28  2:47  Lair  
  28  2:52  Extractor  
  28  2:53  Extractor, Drone  
  28  2:54  Queen  
  29  2:59  Drone x3  
  32  3:11  Drone x2  
  34  3:19  Roach Warren, Drone  
  34  3:22  Drone x2  
  34  3:24  Overlord x2  
  36  3:37  Overlord x2  
  36  3:52  Spore Crawler  
  36  3:54  Spore Crawler  
  36  3:55  Drone x2  
  36  4:02  Drone x3  
  39  4:03  Drone  
  39  4:09  Spire  
  39  4:11  Drone  
  40  4:17  Metabolic Boost  
  40  4:20  Drone x3  
  40  4:23  Drone  
  44  4:24  Drone  
  44  4:30  Spore Crawler  
  44  4:32  Spore Crawler  
  44  4:34  Drone  
  44  4:36  Drone  
  45  4:38  Drone  
  45  4:40  Drone  
  47  4:48  Spore Crawler  
  46  4:53  Drone x4  
  46  4:54  Drone  
  46  4:57  Overlord  
  51  5:05  Drone x2  
  51  5:06  Drone x2  
  55  5:17  Evolution Chamber  
  54  5:24  Mutalisk  
  54  5:25  Mutalisk x4  
  64  5:28  Zerg Flyer Weapons Level 1  
  64  5:31  Overlord  
  64  5:35  Mutalisk  
  66  5:36  Mutalisk  
  66  5:39  Mutalisk  
  70  5:50  Spore Crawler  
  70  5:51  Mutalisk x2  
  70  5:52  Mutalisk, Spore Crawler  
  70  5:56  Mutalisk  
  76  6:03  Mutalisk  
  76  6:04  Mutalisk  
  76  6:10  Mutalisk  
  82  7:11  Mutalisk  
  82  7:14  Overlord  
  82  7:15  Overlord x4  
  84  7:16  Burrow  
  81  8:03  Mutalisk x7  
  81  8:04  Mutalisk x3  
  101  8:13  Hatchery  
  101  8:16  Zerg Flyer Armor Level 1  
  100  8:35  Zergling x2  
  100  8:36  Zergling x20  
  99  11:15  Roach x10  
  99  11:16  Glial Reconstitution, Roach  
  121  11:18  Overseer x2  
  121  11:20  Zerg Flyer Weapons Level 2  
  121  11:28  Pneumatized Carapace  
  117  12:20  Drone x3  
  117  12:21  Queen  
  122  12:30  Drone  
  122  12:31  Drone x7  
  122  12:35  Tunneling Claws  
  128  12:47  Drone x2  
  128  12:49  Overlord  
  128  12:50  Overlord x4  
  130  13:10  Extractor  
  130  13:11  Extractor  
  128  13:17  Spore Crawler x2  
  128  13:19  Spore Crawler  
  125  13:23  Roach x9  
  143  13:31  Corruptor x6  
  155  13:36  Zerg Flyer Armor Level 2  
  155  13:41  Zerg Melee Weapons Level 1  
  155  13:45  Evolution Chamber  
  154  13:49  Evolution Chamber  
  154  13:51  Infestation Pit  
  152  14:01  Hydralisk Den  
  151  14:07  Zergling x2  
  151  14:08  Zergling x28  
  123  15:07  Roach  
  123  15:08  Roach x14  
  153  15:22  Baneling Nest  
  152  15:38  Roach  
  152  15:39  Roach x7  
  168  15:46  Zerg Melee Weapons Level 2, Zerg Ground Armor Level 1, Zerg Missile Weapons Level 1  
  168  15:59  Hatchery  
  168  16:03  Ravager x3  
  170  16:05  Overlord  
  170  16:06  Extractor, Overlord x9  
  169  16:14  Centrifical Hooks  
  169  16:17  Hive  
  169  16:23  Spore Crawler x2  
  169  16:25  Spore Crawler  
  166  16:26  Spore Crawler  
  165  16:53  Swarm Host  
  165  16:54  Swarm Host x4  
  198  17:03  Drone  
  199  17:18  Lurker Den  
  198  17:26  Spore Crawler  
  198  17:29  Spore Crawler x2  
  195  17:31  Spore Crawler  
  195  17:32  Spine Crawler  
  195  17:33  Spine Crawler  
  192  17:50  Extractor  
  191  18:02  Drone x9  
  197  19:13  Drone x3  
  200  19:24  Greater Spire  
  200  19:26  Adrenal Glands  
  200  19:28  Zerg Missile Weapons Level 2  
  200  19:29  Zerg Melee Weapons Level 3, Zerg Ground Armor Level 2  
  200  19:55  Roach x40  
  200  20:03  Roach x40  
  190  20:31  Roach x9  
  190  20:32  Roach x2  
  190  20:35  Queen  
  192  20:40  Roach  
  192  20:41  Roach x8  
  138  21:32  Roach  
  140  21:33  Roach x7  
  142  21:57  Corruptor x12  
  142  22:12  Corruptor x6  
  142  22:13  Roach  
  142  22:14  Roach x3  
  159  22:18  Roach x20  
  157  22:28  Roach x13  
  157  22:29  Roach x7  
  151  22:55  Roach x13  
  151  22:56  Roach x8  
  151  22:57  Roach x20  
  193  23:14  Roach x18  
  187  23:35  Roach  
  187  23:36  Roach x12  
  187  23:37  Zergling x2, Roach  
  187  23:38  Zergling x8  
  186  23:43  Adaptive Talons  
  182  24:22  Overseer x2  
  182  24:40  Seismic Spines  
  182  24:49  Zerg Missile Weapons Level 3, Zerg Ground Armor Level 3  
  172  25:27  Brood Lord  
  172  25:28  Brood Lord x6  
  178  25:29  Brood Lord x2  
  178  25:30  Queen  
  186  25:42  Roach x39, Hydralisk x2  
  186  25:43  Hydralisk x4  
  196  26:21  Zergling x2  
  196  26:22  Zergling x6  
  184  26:50  Roach  
  184  26:51  Zergling x8, Roach x10  
  184  26:52  Zergling x12  
  164  27:26  Zergling x24  
  174  27:47  Zergling x2  
  174  27:48  Zergling x8  
  179  28:24  Lurker  
  179  28:25  Lurker x5  
Show
View Real Time Build Order
Export as new Build Order

XChiDO Terran 

Build Orders:  

Get SALT Encoding   

  12  0:02  SCV  
  13  0:14  SCV  
  13  0:19  Refinery  
  14  0:25  Refinery  
  14  0:28  SCV  
  15  0:39  Supply Depot  
  15  1:01  SCV  
  16  1:08  Barracks  
  16  1:17  Supply Depot, SCV  
  17  1:32  SCV  
  18  1:40  Supply Depot  
  18  1:44  SCV  
  19  2:03  Engineering Bay, SCV  
  19  2:07  Barracks Reactor  
  20  2:16  Supply Depot  
  20  2:20  Supply Depot  
  20  2:22  SCV  
  21  2:26  Factory  
  21  2:46  Marine x2  
  23  3:08  SCV  
  24  3:12  Supply Depot  
  24  3:15  Barracks  
  24  3:35  Factory Tech Lab  
  24  3:41  Barracks, Terran Infantry Weapons Level 1  
  24  3:44  Command Center, SCV  
  25  3:56  SCV  
  25  4:00  Starport  
  26  4:17  Starport  
  26  4:23  Barracks Tech Lab  
  26  4:39  Armory  
  26  4:44  Marine x3  
  29  4:46  Marine  
  30  5:00  Sensor Tower  
  30  5:04  Starport Tech Lab  
  30  5:05  Starport Tech Lab  
  30  5:12  SCV  
  31  5:20  Barracks Tech Lab  
  31  5:24  SCV  
  31  5:25  SCV  
  33  5:37  SCV  
  34  5:45  Marine x2  
  34  5:46  Marine, Fusion Core  
  34  5:48  Marine  
  34  5:49  SCV  
  39  6:08  Sensor Tower  
  39  6:09  SCV  
  40  6:16  Refinery  
  40  6:19  Refinery  
  40  6:21  SCV  
  40  6:22  Terran Infantry Armor Level 1  
  41  6:33  SCV  
  42  6:40  Marine x4  
  42  6:44  Terran Vehicle And Ship Armor Level 1  
  42  6:45  SCV  
  47  6:57  SCV  
  27  7:27  Marine x4  
  29  7:44  Marine  
  30  7:57  SCV  
  31  8:02  Starport Tech Lab  
  31  8:05  Combat Shield  
  31  8:07  Starport Tech Lab  
  31  8:09  SCV  
  32  8:21  SCV  
  33  8:33  SCV  
  33  8:34  SCV  
  35  8:45  SCV  
  35  8:46  SCV  
  37  8:49  Supply Depot  
  37  8:54  Supply Depot  
  37  8:58  SCV  
  38  9:10  SCV x2  
  40  9:22  SCV  
  40  9:23  Terran Ship Weapons Level 1  
  41  9:26  Orbital Command  
  41  9:35  SCV  
  42  9:47  Supply Depot, SCV  
  42  9:50  Supply Depot  
  42  9:52  Battlecruiser  
  49  9:59  SCV  
  50  10:06  Marine x2  
  52  10:09  Battlecruiser  
  52  10:11  SCV  
  52  10:12  Marine  
  60  10:14  Marine  
  61  10:23  SCV  
  62  10:42  SCV  
  63  10:52  SCV  
  63  10:54  SCV  
  65  11:04  SCV  
  65  11:06  SCV  
  65  11:07  Supply Depot  
  65  11:10  Supply Depot  
  67  11:16  SCV  
  68  11:18  SCV  
  69  11:29  Battlecruiser  
  69  11:30  SCV  
  76  11:39  Battlecruiser  
  82  11:50  Terran Vehicle And Ship Armor Level 2  
  82  12:42  Supply Depot  
  82  12:50  Battlecruiser  
  88  12:52  Battlecruiser  
  94  13:04  Command Center  
  94  13:30  Terran Infantry Weapons Level 2  
  94  13:32  Marine x3  
  94  13:33  Marine  
  98  13:36  Weapon Refit  
  98  13:41  Factory Tech Lab  
  97  13:50  Marine  
  92  15:11  Command Center  
  92  15:15  Battlecruiser  
  98  15:40  Marine x2  
  98  15:41  Marine x2  
  102  16:09  Command Center  
  102  16:19  Supply Depot  
  102  16:23  Battlecruiser  
  102  16:24  Supply Depot  
  108  16:26  Battlecruiser  
  108  16:29  SCV  
  115  16:35  Refinery  
  115  16:41  SCV  
  116  16:48  Terran Vehicle And Ship Armor Level 3  
  116  16:53  SCV  
  116  16:54  Armory  
  117  17:01  Refinery  
  117  17:06  SCV  
  118  17:18  SCV  
  119  17:27  Battlecruiser  
  125  17:30  Battlecruiser  
  131  17:54  Sensor Tower  
  131  18:05  Terran Ship Weapons Level 2  
  131  18:40  Battlecruiser  
  131  18:41  Battlecruiser  
  137  19:32  SCV  
  138  19:43  Supply Depot  
  138  19:44  SCV  
  138  19:45  Battlecruiser  
  145  19:47  Supply Depot  
  145  19:55  Battlecruiser  
  145  19:56  SCV  
  141  20:09  SCV  
  124  20:21  SCV  
  95  20:47  Starport  
  95  20:48  Marine x3  
  95  20:49  Marine, Battlecruiser  
  105  20:50  Starport  
  105  20:59  Battlecruiser  
  111  21:08  Planetary Fortress  
  111  21:18  Refinery  
  78  21:47  Starport Tech Lab  
  78  21:55  Starport, Starport Tech Lab  
  78  22:18  Battlecruiser x2  
  78  22:19  Battlecruiser  
  80  22:59  Battlecruiser  
  80  23:01  Starport Tech Lab  
  86  23:23  Battlecruiser  
  92  23:28  Terran Vehicle Weapons Level 1  
  92  23:29  Terran Ship Weapons Level 3  
  92  23:36  Refinery  
  85  24:00  Battlecruiser  
  78  25:00  Battlecruiser  
  60  26:16  Refinery  
  60  26:19  Refinery  
  60  26:26  Marine x4  
  58  26:43  Refinery  
  58  26:44  Marine x4  
  62  26:55  Battlecruiser x2  
  74  27:02  Marine x4  
  78  27:11  SCV  
  79  27:19  Marine  
  79  27:20  Marine x3  
  83  27:23  SCV  
  84  27:35  SCV  
  85  27:38  Marine x2  
  87  27:47  SCV  
  88  27:57  Battlecruiser  
  88  27:58  Battlecruiser  
  100  28:00  SCV  
  107  29:16  SCV  
Show
View Real Time Build Order
Export as new Build Order

ACR Protoss 

Build Orders:  

Get SALT Encoding   

  12  0:00  Probe  
  13  0:14  Pylon  
  13  0:18  Probe (Chrono Boost)  
  14  0:30  Probe (Chrono Boost)  
  15  0:36  Gateway  
  15  0:40  Probe (Chrono Boost)  
  16  0:50  Probe  
  17  0:58  Forge  
  17  1:02  Probe  
  18  1:05  Assimilator  
  18  1:13  Pylon  
  18  1:15  Probe (Chrono Boost)  
  19  1:25  Probe (Chrono Boost)  
  20  1:31  Cybernetics Core  
  20  1:38  Probe  
  21  1:47  Assimilator  
  21  1:50  Zealot  
  23  1:57  Photon Cannon  
  23  2:00  Pylon  
  23  2:18  Probe (Chrono Boost)  
  24  2:30  Probe (Chrono Boost)  
  24  2:34  Photon Cannon  
  25  2:42  Warp Gate  
  25  2:55  Probe  
  25  2:57  Nexus  
  26  3:12  Stalker  
  28  3:17  Photon Cannon  
  28  3:25  Gateway, Probe (Chrono Boost)  
  29  3:36  Probe (Chrono Boost)  
  30  3:56  Pylon  
  30  3:59  Robotics Facility  
  30  4:05  Stargate  
  30  4:08  Pylon  
  30  4:12  Probe (Chrono Boost)  
  31  4:21  Protoss Shields Level 1  
  32  4:29  Probe (Chrono Boost)  
  32  4:31  Zealot  
  34  4:32  Zealot  
  34  4:35  Probe (Chrono Boost)  
  37  4:44  Assimilator  
  37  4:45  Probe (Chrono Boost)  
  38  4:50  Probe (Chrono Boost)  
  39  4:56  Void Ray  
  43  5:01  Probe  
  44  5:12  Immortal  
  44  5:13  Probe  
  49  5:20  Stargate  
  49  5:23  Pylon  
  49  5:25  Probe (Chrono Boost)  
  50  5:36  Stalker, Zealot  
  50  5:37  Probe (Chrono Boost)  
  50  5:42  Probe (Chrono Boost)  
  55  5:44  Pylon  
  55  5:47  Photon Cannon  
  56  5:59  Void Ray, Zealot  
  56  6:02  Probe  
  63  6:10  Assimilator  
  63  6:13  Pylon  
  63  6:16  Pylon  
  63  6:19  Probe (Chrono Boost)  
  64  6:27  Immortal  
  64  6:29  Probe (Chrono Boost)  
  69  6:32  Zealot  
  69  6:35  Probe (Chrono Boost), Zealot  
  60  7:10  Zealot x2  
  60  7:14  Probe  
  65  7:26  Probe  
  65  7:28  Stargate  
  65  7:29  Void Ray  
  70  7:31  Void Ray  
  70  7:33  Immortal  
  78  7:38  Photon Cannon, Probe  
  78  7:40  Photon Cannon  
  78  7:43  Zealot x2  
  82  7:50  Probe  
  83  7:57  Pylon  
  83  8:02  Probe  
  83  8:03  Zealot  
  83  8:04  Zealot  
  80  8:13  Void Ray  
  80  8:16  Immortal  
  80  8:19  Pylon  
  88  8:23  Photon Cannon  
  88  8:27  Pylon  
  88  8:37  Probe (Chrono Boost)  
  89  8:41  Stargate  
  89  8:44  Fleet Beacon  
  89  8:52  Photon Cannon  
  89  8:59  Pylon  
  89  9:05  Photon Cannon  
  89  9:07  Zealot x2  
  93  9:16  Probe  
  92  9:25  Observer  
  85  9:44  Zealot  
  85  9:45  Stalker  
  87  9:47  Void Ray, Observer  
  87  9:49  Void Ray  
  87  9:50  Void Ray  
  88  10:13  Zealot  
  88  10:14  Zealot  
  92  10:20  Void Ray  
  96  10:22  Pylon  
  96  10:24  Gateway  
  96  10:28  Gateway  
  96  10:31  Pylon  
  96  10:40  Unknown  
  96  10:44  Protoss Ground Weapons Level 1  
  96  10:55  Pylon  
  96  10:59  Pylon  
  96  11:04  Void Ray  
  96  11:06  Twilight Council  
  96  11:10  Immortal  
  104  11:20  Shield Battery  
  104  12:09  Void Ray  
  104  12:11  Carrier  
  104  12:12  Carrier  
  104  12:14  Void Ray  
  124  12:17  Zealot x2  
  124  12:18  Stalker  
  124  12:20  Zealot  
  132  12:40  Protoss Air Weapons Level 1  
  132  12:54  Stalker, Zealot  
  132  12:55  Stalker  
  132  12:58  Carrier  
  144  13:01  Charge  
  144  13:08  Void Ray  
  148  13:30  Nexus  
  148  13:44  Zealot  
  150  13:50  Pylon  
  150  13:52  Pylon  
  150  13:54  Pylon  
  150  13:58  Assimilator  
  150  14:03  Assimilator  
  150  14:27  Zealot x3  
  150  14:29  Zealot  
  158  14:51  Probe (Chrono Boost)  
  159  14:58  Probe (Chrono Boost)  
  160  15:05  Probe  
  161  15:07  Carrier  
  161  15:13  Pylon  
  167  15:20  Probe (Chrono Boost)  
  168  15:33  Protoss Shields Level 2  
  168  15:35  Void Ray  
  172  15:45  Protoss Air Armor Level 1  
  172  15:50  Zealot  
  172  15:51  Zealot  
  172  15:52  Stalker  
  178  16:33  Carrier  
  178  16:39  Pylon  
  184  16:42  Nexus  
  184  16:47  Probe (Chrono Boost)  
  185  17:01  Pylon  
  185  17:04  Pylon  
  185  17:07  Assimilator  
  185  17:12  Assimilator  
  182  17:18  Stalker x3  
  182  17:19  Stalker  
  185  17:51  Protoss Air Weapons Level 2 (Chrono Boost)  
  185  17:53  Void Ray  
  185  17:55  Protoss Ground Weapons Level 2  
  189  18:13  Zealot  
  189  18:14  Zealot x3  
  189  18:17  Probe (Chrono Boost)  
  198  18:25  Probe (Chrono Boost)  
  199  18:46  Observer  
  198  19:09  Observer  
  196  19:13  Zealot  
  196  19:14  Stalker  
  200  19:30  Observer  
  141  19:51  Zealot  
  141  19:52  Zealot x2  
  51  20:05  Stalker  
  51  20:07  Void Ray  
  51  20:08  Void Ray  
  51  20:09  Void Ray  
  51  20:11  Void Ray  
  67  20:17  Protoss Air Armor Level 2  
  67  20:19  Stargate  
  67  20:26  Zealot x2  
  67  20:27  Zealot  
  73  20:29  Protoss Ground Armor Level 1  
  73  20:51  Carrier x2  
  73  20:52  Carrier  
  73  20:53  Zealot  
  73  20:54  Zealot  
  95  21:09  Stalker, Probe (Chrono Boost)  
  98  21:15  Probe (Chrono Boost)  
  95  21:22  Probe  
  88  21:29  Zealot x3  
  90  21:37  Pylon  
  90  21:41  Pylon  
  90  21:43  Pylon  
  91  21:48  Probe (Chrono Boost)  
  92  21:54  Probe (Chrono Boost)  
  92  22:00  Probe (Chrono Boost)  
  94  22:01  Probe (Chrono Boost)  
  94  22:04  Void Ray  
  94  22:05  Void Ray  
  102  22:12  Void Ray  
  106  22:38  Zealot  
  106  22:39  Zealot x3  
  106  22:43  Void Ray  
  118  22:51  Void Ray  
  116  23:05  Zealot x2  
  98  23:06  Zealot x2  
  84  23:21  Observer  
  84  23:26  Void Ray  
  89  23:28  Carrier  
  95  23:42  Observer  
  96  24:00  Void Ray  
  100  24:04  Void Ray  
  100  24:06  Void Ray  
  108  24:10  Zealot x2  
  112  24:21  Stalker  
  112  24:22  Stalker  
  116  24:30  Carrier, Nexus  
  120  24:54  Zealot x3  
  120  24:55  Zealot  
  114  25:02  Void Ray  
  114  25:06  Void Ray  
  96  25:27  Zealot x3  
  98  25:37  Zealot  
  92  25:48  Zealot x3  
  96  26:04  Void Ray  
  96  26:06  Carrier  
  96  26:07  Void Ray  
  96  26:11  Probe (Chrono Boost)  
  111  26:23  Probe (Chrono Boost)  
  112  26:26  Assimilator, Zealot  
  112  26:27  Zealot x2  
  112  26:28  Zealot  
  112  26:30  Probe (Chrono Boost)  
  122  26:40  Probe (Chrono Boost)  
  122  27:00  Zealot  
  122  27:01  Zealot x3  
  126  27:05  Void Ray  
  134  27:08  Immortal  
  134  27:11  Void Ray  
  142  27:34  Assimilator  
  142  27:42  Nexus  
  142  27:45  Zealot x2  
  142  27:46  Zealot x2  
  150  27:53  Immortal  
  150  27:56  Void Ray  
  156  28:23  Stalker  
  156  28:24  Stalker, Zealot  
  152  28:28  Probe (Chrono Boost)  
  149  28:38  Probe (Chrono Boost)  
  149  28:39  Void Ray  
  154  28:44  Carrier  
  156  29:04  Zealot x4  
  176  29:32  Zealot x2  
  176  29:33  Zealot x2  
Tags
 
Add a new tag
Caveats
  • Supply blocks, unpowered buildings, or Contaminate may cause inaccurate times.
  • Supply counts are checked every 10 seconds.